cohdb
Replays
Latest Replays
All Replays
Popular Replays
Top Player Replays
Match Explorer
How It Works
Community
CoH3 Stats
Reddit
Sign in to upload your games and track your stats! →
Sign in with Steam
Match 44243633
Unlisted
Match 44243633
Overview
Messages
Build Orders
End
Panzerpioneer Squad
Selects Panzerjäger Kommand Battlegroup
Selects Blockade Equipment
250 Light Carrier
Construct Light Support Kompanie
Combat Half-tracks
Assault Grenadier Squad
Assault Grenadier Squad
Construct Mechanized Kompanie
Assault Mechanized Group
8 Rad Armored Car
Selects Defensive Positions
Selects Tank Busters
Marder III Tank Destroyer
8 Rad Armored Car
Vehicle Survival Package
Marder III Tank Destroyer
Selects Butterfly Bomb Drop
Butterfly Bomb Drop
2.5-tonne Medical Truck
Construct Panzerarmee Kommand
Armored Reserves
Butterfly Bomb Drop
Emergency Repair Kits
Selects Crew Shock Tactics
Tungsten Core Ammunition
Butterfly Bomb Drop
iceman
Astartes
FAT G
EatMyFrag
mntahoe
boldscot
0
0
Comments
sign in to comment!
No comments posted yet!